 Dungeon Crawl Stone Soup version 0.31-a0-1172-g9944ec47dd (webtiles) character file.

Game seed: 16419226051137520924

100 whatisthis the Stinger (level 4, -3/36 HPs)
             Began as a Ghoul Venom Mage on Dec 10, 2023.
             Killed by divine providence
             ... invoked by an orc priest
              (15 damage)
             ... on level 4 of the Dungeon.
             The game lasted 00:09:07 (2475 turns).

whatisthis the Stinger (Ghoul Venom Mage)           Turns: 2475, Time: 00:09:08

Health: -3/36      AC: 11    Str: 11    XL:     4   Next: 74%
Magic:  1/6        EV: 10    Int: 16    God:
Gold:   179        SH:  0    Dex:  9    Spells: 5/8 levels left

rFire   . . .        r - +0 trident
rCold   + . .        (no shield)
rNeg    + + +        s - +0 ring mail
rPois   ∞            (no helmet)
rElec   .            (no cloak)
rCorr   .            k - +1 pair of gloves
SInv    .            (no boots)
Will    .....        (no amulet)
Stlth   +            o - +4 ring of protection
HPRegen 0.00/turn    (no ring)
MPRegen 0.10/turn

%: no passive effects
@: inhibited regen
A: claws 1, cold resistance 1, negative energy resistance 3, inhibited
regeneration, torment resistance 2, devour on kill
a: no special abilities


You were on level 4 of the Dungeon.
You visited 1 branch of the dungeon, and saw 4 of its levels.

You collected 179 gold pieces.

Inventory:

Hand Weapons
 e - a +0 dagger
 r - a +0 trident (weapon)
Missiles
 c - 22 stones
 i - 3 javelins
 v - 5 poisoned darts
Armour
 a - a +0 robe
 f - a +0 leather armour
 k - a +1 pair of gloves (worn)
 s - a +0 ring mail (worn)
Jewellery
 o - a +4 ring of protection (left hand)
Wands
 t - a wand of charming (10)
Scrolls
 d - 4 scrolls of identify {unknown}
 g - a scroll of amnesia {unknown}
 h - a scroll of torment {unknown}
 j - a scroll of teleportation {unknown}
 l - a scroll of silence {unknown}
 n - a scroll of enchant armour {unknown}
 p - a scroll of poison {unknown}
 q - a scroll of blinking {unknown}
 u - a scroll of immolation {unknown}
Potions
 b - 2 potions of magic
 m - 2 potions of ambrosia {unknown}


   Skills:
 + Level 2.0 Fighting
 - Level 1.7 Dodging
 - Level 2.1 Stealth
 + Level 2.5 Spellcasting
 + Level 2.0 Transmutations
 + Level 3.7 Poison Magic


You had 5 spell levels left.
You knew the following spells:

 Your Spells              Type           Power      Damage    Failure   Level
a - Sting                 Tmut/Pois      44%        1d5       14%         1
b - Poisonous Vapours     Pois/Air       14%        N/A       34%         2

Your spell library contained the following spells:

 Spells                   Type           Power      Damage    Failure   Level
 Mephitic Cloud           Conj/Pois/Air  5%         N/A       65%         3
 Olgreb's Toxic Radiance  Pois           13%        N/A       71%         4
 Cause Fear               Hex            1%         N/A       99%         4
 Fireball                 Conj/Fire      1%         3d3       100%        5
 Dragon's Call            Summ           1%         N/A       100%        9


Dungeon Overview and Level Annotations

Branches:
Dungeon (4/15)
 Temple: D:4-7

Altars:


Innate Abilities, Weirdness & Mutations

You are immune to poison.
You have sharp fingernails.
Your flesh is cold resistant. (rC+)
You are immune to negative energy. (rN+++)
You do not regenerate when monsters are visible.
You are immune to unholy pain and torment.
You thrive by killing the living.


Message History

Casting: Sting (safe; 14% risk of failure)
Confirm with . or Enter, or press ? or * to list all spells.
Aiming: Sting (safe; 14% risk of failure)
Press: ? - help, Shift-Dir - straight line, f - orc priest
Aim: an orc priest, wielding a +0 falchion (71% to hit)
The sting hits the orc priest.
The orc priest is poisoned.
The orc priest is lightly wounded.
The orc priest invokes the aid of Beogh against you.
Beogh smites you!
Reach: r) +0 trident
Press: ? - help, Dir - move target, f - you, p - orc priest That would be overly suicidal.
Okay, then.
The orc priest calls down the wrath of Beogh upon you.
Beogh smites you!
Reach: r) +0 trident
Press: ? - help, Dir - move target, f - orc priest
Aim: an orc priest, wielding a +0 falchion (moderately wounded, poisoned, about 48% to evade your +0 trident)
You reach to attack!
You barely miss the orc priest.
The orc priest is moderately wounded.
You hit the orc priest.
The orc priest is severely wounded.
The orc priest barely misses you.
The orc priest hits you with a +0 falchion.
You hit the orc priest.
The orc priest is almost dead.
The orc priest looks more healthy.
The orc priest hits you but does no damage.
You barely miss the orc priest.
The orc priest is almost dead.
The orc priest barely misses you.
You barely miss the orc priest.
The orc priest is almost dead.
The orc priest hits you but does no damage.
You barely miss the orc priest.
The orc priest is almost dead.
The orc priest hits you but does no damage.
The orc priest invokes the aid of Beogh against you.
Beogh smites you!
You die...

.... .### #..#... #...# #># #)#
#.# #.# ######## #o# #......# #@#
#.####.#########.## #.#
#.##.........##########
#.####.##.######...........#
#.##..........##...#######.######
#......##.###.##...#####.....>..#
####.####.# #............†...##.#
#.# #.# ##.....#####.#.#.##.#
##.## #.#####....# #.#.#.##.#


You could see an orc priest.

Vanquished Creatures
  An orc wizard (D:4)
  3 adders
  A worm (D:3)
  An orc (D:3)
  2 bats (D:3)
  5 endoplasms
  3 giant cockroaches
  4 goblins
  A hobgoblin (D:3)
  4 jackals (D:1)
  5 kobolds
  A quokka (D:2)
  5 ball pythons
  2 frilled lizards
  6 rats
44 creatures vanquished.

Notes
Turn   | Place    | Note
-------+----------+-------------------------------------------
     0 | D:1      | whatisthis the Ghoul Venom Mage began the quest for the
                  | Orb.
     0 | D:1      | Reached XP level 1. HP: 14/14 MP: 2/2
    21 | D:1      | Reached skill level 1 in Transmutations
   162 | D:1      | Reached XP level 2. HP: 21/22 MP: 0/3
   688 | D:1      | Reached skill level 1 in Fighting
  1013 | D:2      | Reached XP level 3. HP: 28/28 MP: 2/5
  1754 | D:3      | Reached XP level 4. HP: 35/35 MP: 2/6
  1789 | D:3      | Learned a level 2 spell: Poisonous Vapours
  2035 | D:3      | Noticed an angel
  2475 | D:4      | Killed from afar by an orc priest

Illustrated notes

Levels and vault maps discovered:
D:1:      matt_arrival_grand_opening, layout_rooms, minmay_misc_feat_square,
          hangedman_glass_teeth
D:2:      layout_rooms
D:3:      layout_rooms, zin_angel
D:4:      layout_loops_corners, nicolae_kikubaaqudgha_miasma_corner

Skill      XL: |  1  2  3  4 |
---------------+-------------+-----
Transmutations | 1 2 |  2.0
Spellcasting   | 2 |  2.5
Fighting       | 1 2 |  2.0
Dodging        | |  1.7
Stealth        | |  2.1
Poison Magic   | |  3.7

Action                     |  1- 3 |  4- 6 || total
---------------------------+-------+-------++-------
  Melee: Dagger            |    39 |       ||    39
         Unarmed           |     1 |       ||     1
         Trident           |    17 |    27 ||    44
   Cast: Sting             |    43 |    16 ||    59
         Poisonous Vapours |       |     4 ||     4
 Armour: Robe              |     8 |       ||     8
         Leather armour    |    19 |    11 ||    30
         Ring mail         |       |    12 ||    12
  Dodge: Dodged            |    31 |    18 ||    49

Table legend: (Time is in decaauts)
 A = Elapsed time spent in this place.
 B = Non-inter-level travel time spent in this place.
 C = Inter-level travel time spent in this place.
 D = Time resting spent in this place.
 E = Time spent auto-exploring this place.
 F = Levels seen in this place.
 G = Mean time per level.
                   A        B        C        D        E       F      G
               +--------+--------+--------+--------+--------+-----+--------+
         Total |   2485 |   2410 |     75 |    395 |   1363 |   4 |  621.2 |
       Dungeon |   2485 |   2410 |     75 |    395 |   1363 |   4 |  621.2 |
               +--------+--------+--------+--------+--------+-----+--------+

Top non-repeatable levels by time:
     D:1: 841 daAuts
     D:3: 742 daAuts
     D:2: 607 daAuts
     D:4: 294 daAuts
